TOP OF THE 1ST |
Gainesville Guidos batting - Pitching for Montgomery Biscuits : RHP Félix Andrade
|
Pitching: RHP Félix Andrade
|
|
Batting: RHB Iván Moreno
|
0-0: Fly out, F5 (Popup, 15)
|
Batting: RHB John Little
|
0-0: Ball 1-0: SINGLE (Groundball, 6MD)
|
Batting: LHB António Cedeño
|
0-0: Swinging Strike 0-1: Ball 1-1: Ball 2-1: Ball 3-1: Called Strike 3-2: Base on Balls John Little to second
|
Batting: RHB Kurt Walter
|
0-0: Ball 1-0: SINGLE (Line Drive, 56) John Little to third António Cedeño to second
|
Batting: RHB José Ortega
|
0-0: Called Strike 0-1: Ball 1-1: Foul Ball, location: 2F 1-2: Ball 2-2: SINGLE (Line Drive, 34D) John Little scores António Cedeño to third Kurt Walter to second
|
Batting: RHB Alfredo Díaz
|
0-0: Swinging Strike 0-1: Foul Ball, location: 2F 0-2: Ball 1-2: Foul Ball, location: 2F 1-2: Ball 2-2: Foul Ball, location: 2F 2-2: Ball 3-2: Base on Balls António Cedeño scores Kurt Walter to third José Ortega to second
|
Batting: RHB Lynn Ford
|
0-0: Ball 1-0: Foul Ball, location: 2F 1-1: Ball 2-1: Foul Ball, location: 2F 2-2: Strikes out looking
|
Batting: RHB Kyle O'Day
|
0-0: Called Strike 0-1: Ball 1-1: Fielders Choice at 2nd, U6 (Groundball, 6M)
|
Top of the 1st over - 2 run(s), 3 hit(s), 0 error(s), 3 left on base; Gainesville 2 - Montgomery 0 |
BOTTOM OF THE 1ST |
Montgomery Biscuits batting - Pitching for Gainesville Guidos : LHP José Acevedo
|
Pitching: LHP José Acevedo
|
|
Batting: RHB Warren Martin
|
0-0: Called Strike 0-1: Foul Ball, location: 2F 0-2: Ball 1-2: Ball 2-2: Strikes out swinging
|
Batting: RHB Peyton Yardley
|
0-0: Called Strike 0-1: Ball 1-1: Ground out 6-3 (Groundball, 6)
|
Batting: RHB Yujiro Kurihara
|
0-0: Ball 1-0: Ball 2-0: Ball 3-0: Called Strike 3-1: Foul Ball, location: 2F 3-2: Base on Balls
|
Batting: RHB Pete Smith
|
0-0: Ball 1-0: Foul Ball, location: 2F 1-1: Foul Ball, location: 2F 1-2: Foul Ball, location: 2F 1-2: Foul Ball, location: 2F 1-2: Ball 2-2: Foul Ball, location: 2F 2-2: Foul Ball, location: 2F 2-2: Foul Ball, location: 2F 2-2: Foul Ball, location: 2F 2-2: Ball 3-2: 2-RUN HOME RUN (Flyball, 7LD), Distance : 341 ft
|
Batting: RHB Juan Díaz
|
0-0: Ground out 1-3 (Groundball, 13S)
|
Bottom of the 1st over - 2 run(s), 1 hit(s), 0 error(s), 0 left on base; Gainesville 2 - Montgomery 2 |
TOP OF THE 2ND |
Gainesville Guidos batting - Pitching for Montgomery Biscuits : RHP Félix Andrade
|
Batting: RHB Júlio Galló
|
0-0: Foul Ball, location: 2F 0-1: Called Strike 0-2: Ball 1-2: Fly out, F9 (Flyball, 9M)
|
Batting: RHB Iván Moreno
|
0-0: Called Strike 0-1: Ball 1-1: Ball 2-1: Foul Ball, location: 2F 2-2: Ball 3-2: Strikes out swinging
|
Batting: RHB John Little
|
0-0: Called Strike 0-1: Ball 1-1: Foul Ball, location: 2F 1-2: Ball 2-2: Foul Ball, location: 2F 2-2: Foul Ball, location: 2F 2-2: Strikes out swinging
|
Top of the 2nd over - 0 run(s), 0 hit(s), 0 error(s), 0 left on base; Gainesville 2 - Montgomery 2 |
BOTTOM OF THE 2ND |
Montgomery Biscuits batting - Pitching for Gainesville Guidos : LHP José Acevedo
|
Batting: RHB Carlos Vásquez
|
0-0: Ball 1-0: Ball 2-0: Ball 3-0: Base on Balls
|
Batting: SHB Jack Estes
|
0-0: Ball 1-0: Ball 2-0: Called Strike 2-1: Ball 3-1: Foul Ball, location: 2F 3-2: Fly out, F8 (Flyball, 8LM)
|
Batting: RHB Raúl Alejándrez
|
0-0: Ball 1-0: SINGLE (Groundball, 56D) Carlos Vásquez to second
|
Batting: SHB Tony Echevarría
|
0-0: Called Strike 0-1: Fly out, F8 (Flyball, 8RD)
|
Batting: RHB Warren Martin
|
0-0: Called Strike 0-1: Ground out 5-3 (Groundball, 56)
|
Bottom of the 2nd over - 0 run(s), 1 hit(s), 0 error(s), 2 left on base; Gainesville 2 - Montgomery 2 |
TOP OF THE 3RD |
Gainesville Guidos batting - Pitching for Montgomery Biscuits : RHP Félix Andrade
|
Batting: LHB António Cedeño
|
0-0: Ball 1-0: Foul Ball, location: 2F 1-1: Foul Ball, location: 2F 1-2: Ball 2-2: Foul Ball, location: 2F 2-2: SINGLE (Groundball, 3D)
|
Batting: RHB Kurt Walter
|
0-0: Fly out, F8 (Flyball, 89XD)
|
Batting: RHB José Ortega
|
0-0: Foul Ball, location: 2F 0-1: Swinging Strike 0-2: Ball 1-2: Foul Ball, location: 2F 1-2: Grounds into double play, 4-6-3 (Groundball, 4)
|
Top of the 3rd over - 0 run(s), 1 hit(s), 0 error(s), 0 left on base; Gainesville 2 - Montgomery 2 |
BOTTOM OF THE 3RD |
Montgomery Biscuits batting - Pitching for Gainesville Guidos : LHP José Acevedo
|
Batting: RHB Peyton Yardley
|
0-0: Ball 1-0: Bunted foul 1-1: Ball 2-1: Ball 3-1: Fly out, F7 (Flyball, 78S)
|
Batting: RHB Yujiro Kurihara
|
0-0: Ball 1-0: Ball 2-0: Ground out 1-3 (Groundball, 15)
|
Batting: RHB Pete Smith
|
0-0: Called Strike 0-1: Foul Ball, location: 2F 0-2: Strikes out swinging
|
Bottom of the 3rd over - 0 run(s), 0 hit(s), 0 error(s), 0 left on base; Gainesville 2 - Montgomery 2 |
TOP OF THE 4TH |
Gainesville Guidos batting - Pitching for Montgomery Biscuits : RHP Félix Andrade
|
Batting: RHB Alfredo Díaz
|
0-0: Ball 1-0: Swinging Strike 1-1: Ball 2-1: Ball 3-1: Foul Ball, location: 2F 3-2: SOLO HOME RUN (Flyball, 7LD), Distance : 348 ft
|
Batting: RHB Lynn Ford
|
0-0: Ball 1-0: Called Strike 1-1: Called Strike 1-2: Ground out 6-3 (Groundball, 6M)
|
Batting: RHB Kyle O'Day
|
0-0: Ball 1-0: Fly out, F7 (Flyball, 7S)
|
Batting: RHB Júlio Galló
|
0-0: Foul Ball, location: 2F 0-1: Called Strike 0-2: Ground out 6-3 (Groundball, 6)
|
Top of the 4th over - 1 run(s), 1 hit(s), 0 error(s), 0 left on base; Gainesville 3 - Montgomery 2 |
BOTTOM OF THE 4TH |
Montgomery Biscuits batting - Pitching for Gainesville Guidos : LHP José Acevedo
|
Batting: RHB Juan Díaz
|
0-0: Called Strike 0-1: SINGLE (Groundball, 34D)
|
Batting: RHB Carlos Vásquez
|
0-0: Ball 1-0: Ball 2-0: Ball 3-0: Called Strike 3-1: Base on Balls Juan Díaz to second
|
Batting: SHB Jack Estes
|
0-0: Called Strike 0-1: Ball 1-1: Ball 2-1: Fielders Choice at 2nd, 1-6 (Groundball, 15) Juan Díaz to third
|
Batting: RHB Raúl Alejándrez
|
0-0: Called Strike 0-1: Ball 1-1: Swinging Strike 1-2: Foul Ball, location: 2F 1-2: Foul Ball, location: 2F 1-2: Ball 2-2: Foul Ball, location: 2F 2-2: Ball 3-2: Fly out, F4 (Line Drive, 4) 3-2: Lined into DP, 4-3 (Line Drive, 4)
|
Bottom of the 4th over - 0 run(s), 1 hit(s), 0 error(s), 1 left on base; Gainesville 3 - Montgomery 2 |
TOP OF THE 5TH |
Gainesville Guidos batting - Pitching for Montgomery Biscuits : RHP Félix Andrade
|
Batting: RHB Iván Moreno
|
0-0: Fly out, F3 (Popup, 3SF)
|
Batting: RHB John Little
|
0-0: Foul Ball, location: 2F 0-1: Hit by Pitch
|
Batting: LHB António Cedeño
|
0-0: 2-RUN HOME RUN (Flyball, 89XD), Distance : 404 ft
|
Batting: RHB Kurt Walter
|
0-0: Ball 1-0: Called Strike 1-1: SINGLE (Line Drive, 6D)
|
Batting: RHB José Ortega
|
0-0: Grounds into double play, 1-6-3 (Groundball, 13)
|
Top of the 5th over - 2 run(s), 2 hit(s), 0 error(s), 0 left on base; Gainesville 5 - Montgomery 2 |
BOTTOM OF THE 5TH |
Montgomery Biscuits batting - Pitching for Gainesville Guidos : LHP José Acevedo
|
Batting: SHB Tony Echevarría
|
0-0: Called Strike 0-1: Swinging Strike 0-2: Strikes out swinging
|
Batting: RHB Warren Martin
|
0-0: Ball 1-0: Fly out, F8 (Flyball, 8RD)
|
Batting: RHB Peyton Yardley
|
0-0: Fly out, F7 (Flyball, 78XD)
|
Bottom of the 5th over - 0 run(s), 0 hit(s), 0 error(s), 0 left on base; Gainesville 5 - Montgomery 2 |
TOP OF THE 6TH |
Gainesville Guidos batting - Pitching for Montgomery Biscuits : RHP Félix Andrade
|
Batting: RHB Alfredo Díaz
|
0-0: Fly out, F2 (Popup, 2LF)
|
Batting: RHB Lynn Ford
|
0-0: Ball 1-0: Ground out 3-1 (Groundball, 34S)
|
Batting: RHB Kyle O'Day
|
0-0: Called Strike 0-1: Ball 1-1: Called Strike 1-2: Fly out, F8 (Flyball, 8RD)
|
Top of the 6th over - 0 run(s), 0 hit(s), 0 error(s), 0 left on base; Gainesville 5 - Montgomery 2 |
BOTTOM OF THE 6TH |
Montgomery Biscuits batting - Pitching for Gainesville Guidos : LHP José Acevedo
|
Batting: RHB Yujiro Kurihara
|
0-0: SINGLE (Groundball, 34D)
|
Pitching: RHP Matt Johnston
|
|
Batting: RHB Pete Smith
|
0-0: Swinging Strike 0-1: Ball 1-1: Ball 2-1: Foul Ball, location: 2F 2-2: Foul Ball, location: 2F 2-2: Strikes out swinging
|
Batting: RHB Juan Díaz
|
0-0: Ball 1-0: Called Strike 1-1: Ball 2-1: Called Strike 2-2: Fielders Choice at 2nd, U4 (Groundball, 4M)
|
Batting: RHB Carlos Vásquez
|
0-0: Called Strike Juan Díaz steals 2nd base 0-1: Called Strike 0-2: Strikes out looking
|
Bottom of the 6th over - 0 run(s), 1 hit(s), 0 error(s), 1 left on base; Gainesville 5 - Montgomery 2 |
TOP OF THE 7TH |
Gainesville Guidos batting - Pitching for Montgomery Biscuits : RHP Félix Andrade
|
Batting: RHB Júlio Galló
|
0-0: Ball 1-0: Swinging Strike 1-1: Ball 2-1: Fly out, F3 (Line Drive, 34S)
|
Pitching: LHP Trevor Nichols
|
|
Batting: RHB Iván Moreno
|
0-0: Called Strike 0-1: Ball 1-1: Foul Ball, location: 2F 1-2: Ball 2-2: Strikes out swinging
|
Batting: RHB John Little
|
0-0: Foul Ball, location: 2F 0-1: Foul Ball, location: 2F 0-2: Strikes out swinging
|
Top of the 7th over - 0 run(s), 0 hit(s), 0 error(s), 0 left on base; Gainesville 5 - Montgomery 2 |
BOTTOM OF THE 7TH |
Montgomery Biscuits batting - Pitching for Gainesville Guidos : RHP Matt Johnston
|
Batting: SHB Jack Estes
|
0-0: Foul Ball, location: 2F 0-1: Ball 1-1: Foul Ball, location: 2F 1-2: SINGLE (Line Drive, 78S)
|
Pitching: LHP Ben Head
|
|
Batting: RHB Raúl Alejándrez
|
0-0: Called Strike 0-1: Called Strike 0-2: Ball 1-2: Strikes out swinging
|
Batting: SHB Tony Echevarría
|
0-0: Called Strike 0-1: Swinging Strike 0-2: Ball 1-2: Ball 2-2: Fly out, F7 (Flyball, 78M)
|
Batting: RHB Warren Martin
|
0-0: Ball 1-0: Called Strike 1-1: Called Strike 1-2: SINGLE (Line Drive, 9S) Jack Estes to second
|
Batting: RHB Peyton Yardley
|
0-0: Ball 1-0: Ball 2-0: Ball 3-0: Base on Balls Jack Estes to third Warren Martin to second
|
Batting: RHB Yujiro Kurihara
|
0-0: Foul Ball, location: 2F 0-1: Swinging Strike 0-2: Ball 1-2: Ball 2-2: Foul Ball, location: 2F 2-2: SINGLE (Flyball, 4MD) Jack Estes scores Warren Martin to third Peyton Yardley to second Runner from 3rd tries for Home, SAFE, no throw or cutoff
|
Batting: RHB Pete Smith
|
0-0: Ball 1-0: Called Strike 1-1: Ball 2-1: Foul Ball, location: 2F 2-2: Ball 3-2: DOUBLE (Flyball, 8RXD) Peyton Yardley scores Yujiro Kurihara to third Yujiro Kurihara scores
|
Pitching: RHP Mario Tovar
|
|
Batting: RHB Juan Díaz
|
0-0: Ball 1-0: Ball 2-0: Ball 3-0: Base on Balls
|
Batting: RHB Carlos Vásquez
|
0-0: Ball 1-0: Ball 2-0: Called Strike 2-1: Ball 3-1: Base on Balls Pete Smith to third Juan Díaz to second
|
Batting: SHB Jack Estes
|
0-0: Ball 1-0: Ball 2-0: Foul Ball, location: 2F 2-1: Ground out 1-3 (Groundball, 15)
|
Bottom of the 7th over - 4 run(s), 4 hit(s), 0 error(s), 3 left on base; Gainesville 5 - Montgomery 6 |
TOP OF THE 8TH |
Gainesville Guidos batting - Pitching for Montgomery Biscuits : LHP Trevor Nichols
|
Pitching: RHP Rick Grant
|
|
Batting: LHB António Cedeño
|
0-0: Ball 1-0: Foul Ball, location: 2F 1-1: Swinging Strike 1-2: Ball 2-2: Fly out, F9 (Flyball, 9M)
|
Batting: RHB Kurt Walter
|
0-0: Called Strike 0-1: Ball 1-1: Fly out, F8 (Flyball, 78D)
|
Batting: RHB José Ortega
|
0-0: Swinging Strike 0-1: Ball 1-1: Swinging Strike 1-2: Strikes out swinging
|
Top of the 8th over - 0 run(s), 0 hit(s), 0 error(s), 0 left on base; Gainesville 5 - Montgomery 6 |
BOTTOM OF THE 8TH |
Montgomery Biscuits batting - Pitching for Gainesville Guidos : RHP Mario Tovar
|
Batting: RHB Raúl Alejándrez
|
0-0: Called Strike 0-1: Ball 1-1: Ball 2-1: Swinging Strike 2-2: Strikes out looking
|
Batting: SHB Tony Echevarría
|
0-0: Ground out 4-3 (Groundball, 4)
|
Batting: RHB Warren Martin
|
0-0: Fly out, F6 (Popup, 5L)
|
Bottom of the 8th over - 0 run(s), 0 hit(s), 0 error(s), 0 left on base; Gainesville 5 - Montgomery 6 |
TOP OF THE 9TH |
Gainesville Guidos batting - Pitching for Montgomery Biscuits : RHP Rick Grant
|
Now at C: António Fernández
|
|
Batting: RHB Alfredo Díaz
|
0-0: Ball 1-0: Called Strike 1-1: Ball 2-1: Swinging Strike 2-2: Ball 3-2: Foul Ball, location: 2F 3-2: Foul Ball, location: 2F 3-2: Strikes out swinging
|
Pinch Hitting: LHB Ed Murray
|
0-0: Ball 1-0: SINGLE (Groundball, 34D) (infield hit)
|
Pinch Hitting: LHB Mark Owens
|
0-0: Foul Ball, location: 2F 0-1: Ball 1-1: Swinging Strike 1-2: Foul Ball, location: 2F 1-2: Ball 2-2: Foul Ball, location: 2F 2-2: Foul Ball, location: 2F 2-2: Foul Ball, location: 2F 2-2: Grounds into double play, 4-6-3 (Groundball, 4)
|
Top of the 9th over - 0 run(s), 1 hit(s), 0 error(s), 0 left on base; Gainesville 5 - Montgomery 6 |
|